 Dungeon Crawl Stone Soup version 0.26.1-2-gb8aa6d0cf2 (webtiles) character file.

Game seed: 5154969930677990590

135 sizableburger the Magician (level 5, -5/35 HPs)
             Began as a Human Hedge Wizard on Mar 14, 2021.
             Killed from afar by Ijyb (12 damage)
             ... with a puff of flame
             ... on level 4 of the Dungeon.
             The game lasted 00:12:56 (5088 turns).

sizableburger the Magician (Human Hedge Wizard)     Turns: 5088, Time: 00:12:57

Health: -5/35      AC:  3    Str: 10    XL:     5   Next: 41%
Magic:  2/9        EV: 13    Int: 16    God:
Gold:   190        SH:  0    Dex: 12    Spells: 2/10 levels left

rFire    . . .     SeeInvis .   a - +0 dagger
rCold    . . .     Faith    .   (no shield)
rNeg     . . .     Spirit   .   b - +0 robe
rPois    .         Reflect  .   c - +0 hat
rElec    .         Harm     .   (no cloak)
rCorr    .         Rampage  .   (no gloves)
Will     .....                  f - +0 pair of boots
Stlth    ++........             (no amulet)
HPRegen  0.11/turn              (no ring)
MPRegen  0.11/turn              (no ring)

@: no status effects
A: no striking features
a: no special abilities


You were on level 4 of the Dungeon.
You visited 1 branch of the dungeon, and saw 4 of its levels.

You collected 190 gold pieces.

Inventory:

Hand Weapons
 a - a +0 dagger (weapon)
Armour
 b - a +0 robe (worn)
 c - a +0 hat (worn)
 f - a +0 pair of boots (worn)
Jewellery
 r - an uncursed ring of positive energy {unknown}
Wands
 h - a wand of iceblast (7)
Scrolls
 d - 2 scrolls of enchant weapon {unknown}
 i - 3 scrolls of immolation
 l - a scroll of fog {unknown}
 n - a scroll of remove curse {unknown}
 q - a scroll of teleportation {unknown}
Potions
 e - a potion of might {unknown}
 g - 2 potions of attraction
 j - 2 potions of brilliance {unknown}
 k - a potion of ambrosia {unknown}
 m - a potion of haste {unknown}
 o - a potion of flight {unknown}
 p - a potion of lignification {unknown}
 s - a potion of cancellation {unknown}


   Skills:
 + Level 2.5 Short Blades
 - Level 2.6 Dodging
 - Level 2.0 Stealth
 - Level 3.0 Spellcasting
 - Level 2.0 Conjurations
 - Level 2.0 Summonings
 - Level 2.0 Translocations
 + Level 0.0 Air Magic
 + Level 1.0 Poison Magic


You had 2 spell levels left.
You knew the following spells:

 Your Spells              Type           Power        Failure   Level
a - Magic Dart            Conj           32%          9%          1
b - Call Imp              Summ           8%           12%         2
c - Blink                 Tloc           N/A          12%         2
d - Mephitic Cloud        Conj/Pois/Air  5%           36%         3

Your spell library contained the following spells:

 Spells                   Type           Power        Failure   Level
 Slow                     Hex            2%           28%         2
 Conjure Flame            Conj/Fire      5%           36%         3


Dungeon Overview and Level Annotations

Branches:
Dungeon (4/15)
 Temple: D:4-7

Altars:

Annotations:
D:4 Ijyb


Message History

You are too injured to fight recklessly!
You are too injured to fight recklessly!
You closely miss Ijyb.
Ijyb is lightly wounded.
Your crimson imp hits Ijyb.
Your crimson imp closely misses Ijyb.
Ijyb zaps a wand.
The puff of flame hits you!
* * * LOW HITPOINT WARNING * * *
Your magical contamination has completely faded away.
Your crimson imp blinks!
Your crimson imp hits Ijyb.
You swap places.
Your crimson imp hits Ijyb but does no damage.
Ijyb screams, "Level is mine!
All mine!"
Ijyb closely misses your crimson imp.
Your crimson imp hits Ijyb but does no damage.
Your crimson imp hits Ijyb.
Ijyb hits your crimson imp.
Your crimson imp disappears in a puff of smoke!
Your crimson imp hits Ijyb but does no damage.
Ijyb zaps a wand.
The puff of flame hits you!
You die...

#### ..# #####.# #.g5#.#
#@#...# #.#######
#.......# #########
#######.#
........#############..#
......................##
.(..........###########
............#
............#


You could see Ijyb and a friendly crimson imp (summoned).

Vanquished Creatures
  3 adders (D:2)
  2 oozes
  2 worms
  3 dart slugs (D:1)
  2 leopard geckos (D:1)
  An orc (D:3)
  3 giant cockroaches
  5 hobgoblins
  3 jackals (D:2)
  4 kobolds
  A quokka (D:4)
  2 ball pythons
  3 bats
  14 frilled lizards (D:1)
  6 goblins
  10 rats
64 creatures vanquished.

Vanquished Creatures (collateral kills)
  A worker ant (D:4)
  A worm (D:2)
  3 orcs (D:3)
  A giant cockroach (D:2)
6 creatures vanquished.

Vanquished Creatures (others)
  5 plants (D:1)
5 creatures vanquished.

Grand Total: 75 creatures vanquished

Notes
Turn   | Place    | Note
-------+----------+-------------------------------------------
     0 | D:1      | sizableburger the Human Hedge Wizard began the quest for
                  | the Orb.
     0 | D:1      | Reached XP level 1. HP: 13/13 MP: 4/4
   516 | D:1      | Reached XP level 2. HP: 19/19 MP: 1/6
   520 | D:1      | Reached skill level 1 in Short Blades
   904 | D:1      | Learned a level 2 spell: Call Imp
   907 | D:1      | Learned a level 2 spell: Blink
  1020 | D:1      | Reached XP level 3. HP: 24/24 MP: 5/7
  1144 | D:1      | Learned a level 3 spell: Mephitic Cloud
  1983 | D:2      | Reached XP level 4. HP: 17/30 MP: 0/8
  3503 | D:2      | Reached XP level 5. HP: 31/35 MP: 3/9
  4967 | D:4      | Reached skill level 1 in Poison Magic
  5067 | D:4      | Noticed Ijyb
  5088 | D:4      | Killed from afar by Ijyb

Illustrated notes

Levels and vault maps discovered:
D:1:      psy_arrival_spokes, layout_basic, serial_glass, glass_columns_a,
          glass_columns_a, minmay_lizard_king
D:2:      layout_basic
D:3:      layout_loops_ring, grunt_decor_arrowhead
D:4:      layout_rooms, grunt_temple_overflow_open, patterned_corridor,
          uniq_ijyb

Skill      XL: |  1  2  3  4  5 |
---------------+----------------+-----
Short Blades   | 1 2 |  2.5
Summonings     | 2 |  2.0
Translocations | 2 |  2.0
Conjurations   | 2 |  2.0
Poison Magic   | 1 |  1.0
Dodging        | |  2.6
Stealth        | |  2.0
Spellcasting   | |  3.0

Action                   |  1- 3 |  4- 6 || total
-------------------------+-------+-------++-------
Melee: Dagger            |    57 |   117 ||   174
 Cast: Magic Dart        |    64 |    47 ||   111
       Call Imp          |     1 |    19 ||    20
       Blink             |     1 |       ||     1
  Use: Scroll            |       |     3 ||     3
 Stab: Sleeping          |     5 |     1 ||     6
Armor: Robe              |     7 |    13 ||    20
Dodge: Dodged            |    47 |    75 ||   122
